 Dungeon Crawl Stone Soup version 0.31-a0-986-g5e6e4ef867 (webtiles) character file.

Game seed: 12197273092396106265

8 Xavori the Trooper (level 2, 0/25 HPs)
             Began as a Djinni Chaos Knight on Nov 5, 2023.
             Was a Plaything of Xom.
             Slain by a gnoll
             ... wielding a +0 club
              (2 damage)
             ... on level 1 of the Dungeon.
             The game lasted 00:00:12 (124 turns).

Xavori the Trooper (Djinni Chaos Knight)             Turns: 124, Time: 00:00:13

Health: 0/25       AC:  5    Str: 11    XL:     2   Next: 15%
Gold:   27         EV: 11    Int: 13    God:    Xom [..*...] SH:  0 Dex: 12

rFire   + + .        a - +0 falchion (chaos)
rCold   x . .        (no shield)
rNeg    . . .        b - +2 leather armour
rPois   ∞            (no helmet)
rElec   .            (no cloak)
rCorr   .            (no gloves)
SInv    .            (boots unavailable)
Will    .....        (no amulet)
Stlth   +            (no ring)
HPRegen 0.24/turn    (no ring)
MPRegen 0.00/turn

%: infuse magic (-1 HP)
@: flying
A: sickness immunity, fire resistance 2, cold vulnerability 1, float, innate
caster, HP casting, extra vitality 1
a: Renounce Religion


You were on level 1 of the Dungeon.
You worshipped Xom.
You were a toy of Xom.
You visited 1 branch of the dungeon, and saw 1 of its levels.

You collected 27 gold pieces.

Inventory:

Hand Weapons
 a - a +0 falchion of chaos (weapon)
Armour
 b - a +2 leather armour (worn)
Scrolls
 c - a scroll of butterflies


   Skills:
 + Level 3.0 Fighting
 + Level 2.7 Long Blades
 + Level 1.1 Armour
 + Level 2.3 Dodging
 * Level 0.2 Spellcasting
 * Level 0.2 Conjurations
 * Level 0.2 Hexes
   Level 0.0 Charms
 * Level 0.2 Summonings
 * Level 0.2 Necromancy
 * Level 0.2 Translocations
 * Level 0.2 Transmutations
 * Level 0.2 Fire Magic
 * Level 0.2 Ice Magic
 * Level 0.2 Air Magic
 * Level 0.2 Earth Magic
 * Level 0.2 Poison Magic You didn't know any spells. Your spell library was empty.

Dungeon Overview and Level Annotations

Branches:
Dungeon (1/15)

Altars:


Innate Abilities, Weirdness & Mutations

You are immune to sickness and miasma.
You are immune to poison.
Your flesh is very heat resistant. (rF++)
You are vulnerable to cold. (rC-)
You float through the air rather than walking.
You learn spells naturally, not from books.
Your magical power is your life essence.
You have superior vitality. (+4 MHP)


Message History

The hobgoblin hits you but does no damage.
Found a scroll labelled UTHASHR QEOW.
The gnoll closely misses you. The quokka attacks as it pursues you!
The quokka bites you. The gnoll hits you with a +0 club.
* * * LOW HITPOINT WARNING * * *
The gnoll attacks as it pursues you! The gnoll barely misses you.
You are too injured to fight recklessly!
The quokka attacks as it pursues you! The quokka closely misses you.
You are too injured to fight recklessly!
You are too injured to fight recklessly!
You hit the quokka but do no damage. The quokka closely misses you.
The quokka bites you.
* * * LOW HITPOINT WARNING * * *
You are too injured to fight recklessly!
You hit the quokka but do no damage. Lightning courses through the quokka!
You kill the quokka!
You have reached level 2!
You completely miss the endoplasm.
The hobgoblin hits you but does no damage.
The endoplasm barely misses you.
You hit the endoplasm.
The endoplasm seems to speed up.
The endoplasm is heavily wounded.
The endoplasm barely misses you. The hobgoblin hits you.
* * * LOW HITPOINT WARNING * * *
The endoplasm freezes you.
You are frozen.
* * * LOW HITPOINT WARNING * * *
You hit the endoplasm but do no damage.
The endoplasm seems to slow down.
The endoplasm is heavily wounded.
The endoplasm is no longer moving slowly.
The hobgoblin hits you.
* * * LOW HITPOINT WARNING * * *
The endoplasm misses you.
You hit the endoplasm. You freeze the endoplasm.
You kill the endoplasm!
The hobgoblin hits you but does no damage.
You slash the hobgoblin!
You kill the hobgoblin!
The gnoll hits you with a +0 club.
You die...

##...### #.## .#.....
.###...###..####+#.#.....
...###..###..............
...#.##..##..............
'#...###..#......).$#
|.#..####.#.........#
.#....###.....!.g.J.#
.##....###..#+##g#.##
+#..#.#.###.# #@#...
.##.# .# #...#.......#
.#.## .# ##..#.......#
...# # ..#.........
.##)....# .?##+#+##?.. +#
...#.# ..# .. ..## .# .
... ...#


You could see a gnoll and a hobgoblin.

Vanquished Creatures
  An endoplasm (D:1)
  A goblin (D:1)
  A hobgoblin (D:1)
  A quokka (D:1)
  2 frilled lizards (D:1)
  4 rats (D:1)
10 creatures vanquished.

Notes
Turn   | Place    | Note
-------+----------+-------------------------------------------
     0 | D:1      | Xavori the Djinni Chaos Knight began the quest for the Orb.
     0 | D:1      | Reached XP level 1. HP: 20/20 MP: 0/0
   120 | D:1      | Reached XP level 2. HP: 6/25 MP: 0/0
   122 | D:1      | HP: 1/25 [hobgoblin (4)]
   124 | D:1      | Slain by a gnoll

Illustrated notes

Levels and vault maps discovered:
D:1:      arrival_zaba_pyramid, layout_basic, ebering_ecumenical_altar_mist,
          minmay_misc_feat_iff

Action                     || total
---------------------------++-------
  Melee: Falchion          ||    25
 Armour: Leather armour    ||    20
  Dodge: Dodged            ||    24

Table legend: (Time is in decaauts)
 A = Elapsed time spent in this place.
 B = Non-inter-level travel time spent in this place.
 C = Inter-level travel time spent in this place.
 D = Time resting spent in this place.
 E = Time spent auto-exploring this place.
 F = Levels seen in this place.
 G = Mean time per level.
                   A        B        C        D        E       F      G
               +--------+--------+--------+--------+--------+-----+--------+
         Total |    127 |    127 |      0 |      0 |     72 |   1 |  127.0 |
       Dungeon |    127 |    127 |      0 |      0 |     72 |   1 |  127.0 |
               +--------+--------+--------+--------+--------+-----+--------+

Top non-repeatable levels by time:
     D:1: 127 daAuts
